 Dungeon Crawl Stone Soup version 0.31.0-2-g5a2aebc5c2 (webtiles) character file.

Game seed: 497091810814410700

237775 jestert79 the Lord of Darkness (level 19, -7/225 HPs)
             Began as a Gnoll Wanderer on Jan 20, 2024.
             Was the Champion of Kikubaaqudgha.
             Mangled by a war gargoyle
             ... wielding a +2 morningstar of protection
             ... led by a peacekeeper
              (44 damage)
             ... on level 1 of the Vaults.
             The game lasted 06:44:53 (53083 turns).

jestert79 the Lord of Darkness (Gnoll Wanderer)    Turns: 53083, Time: 06:44:56

Health: -7/225     AC: 29    Str:  7    XL:     19   Next: 24%
Magic:  20/37      EV:  2    Int: 18    God:    Kikubaaqudgha [******]
Gold:   1414       SH:  7    Dex: 14    Spells: 7/46 levels left

rFire   . . .        a - +2 broad axe (elec)
rCold   . . .        D - +0 buckler
rNeg    . . .        E - melded +2 robe {rC+}
rPois   +            K - melded +1 helmet
rElec   .            M - melded +2 cloak
rCorr   .            T - melded +1 pair of gloves
SInv    +            s - melded +1 pair of boots
Will    +....        S - amulet of magic regeneration
Stlth   ++++++       C - +5 ring of evasion
HPRegen 0.57/turn    i - ring of see invisible
MPRegen 0.65/turn

%: no passive effects
@: tree-form (expiring), death channelling, marked, very slightly contaminated,
hasted, very quick
A: stationary, stasis, torment immunity, boosted hp, (fangs 1), strong nose,
distributed training, [weak 2]
}: 2/15 runes: decaying, gossamer
a: Renounce Religion, Unearth Wretches, Torment


You were on level 1 of the Vaults.
You worshipped Kikubaaqudgha.
Kikubaaqudgha was exalted by your worship.
You were a tree.
You visited 7 branches of the dungeon, and saw 32 of its levels.

You collected 4246 gold pieces.
You spent 2832 gold pieces at shops.

Inventory:

Hand Weapons
 a - a +2 broad axe of electrocution (weapon)
Missiles
 e - 6 darts of dispersal
 f - 7 curare-tipped darts (quivered)
 l - 46 poisoned darts
 q - a throwing net
 w - 14 javelins
 V - 4 silver javelins
 Y - 2 datura-tipped darts
Armour
 s - a +1 pair of boots (melded)
 D - a +0 buckler (worn)
 E - a +2 robe of cold resistance (melded)
 J - a +0 pair of gloves of stealth
 K - a +1 helmet (melded)
 M - a +2 cloak (melded)
 T - a +1 pair of gloves (melded)
Magical Staves
 b - a staff of alchemy
 y - a staff of conjuration
Jewellery
 i - a ring of see invisible (right branch)
 k - a ring of protection from fire
 r - a ring of resist corrosion
 C - a +5 ring of evasion (left branch)
 G - a ring of protection from cold
 S - an amulet of magic regeneration (around neck)
Wands
 A - a wand of polymorph (5)
 F - a wand of iceblast (4)
 P - a wand of quicksilver (9)
 Q - a wand of mindburst (7)
 R - a wand of paralysis (16)
 Z - a wand of digging (2)
Scrolls
 g - 5 scrolls of blinking
 m - 4 scrolls of amnesia
 o - 6 scrolls of poison
 v - 14 scrolls of teleportation
 z - a scroll of silence
 H - 3 scrolls of fog
 U - 6 scrolls of fear
 X - 2 scrolls of revelation
Potions
 c - 4 potions of heal wounds
 d - 10 potions of curing
 h - 8 potions of brilliance
 j - 4 potions of mutation
 n - 4 potions of haste
 p - 5 potions of ambrosia
 x - 2 potions of enlightenment
 B - 4 potions of resistance
 I - 2 potions of lignification
 N - 4 potions of magic
 O - 4 potions of might
Miscellaneous
 u - a phantom mirror
 L - a lightning rod (4/4)
 W - a sack of spiders (inert)


   Skills:
 + Level 13.4 Fighting
 + Level 13.4 Short Blades
 + Level 13.4 Long Blades
 + Level 13.4 Axes
 + Level 13.4 Maces & Flails
 + Level 13.4 Polearms
 + Level 13.4 Staves
 + Level 13.4 Ranged Weapons
 + Level 14.1 Throwing
 + Level 13.6 Armour
 + Level 13.6 Dodging
 + Level 14.0 Stealth
 + Level 13.4 Shields
 + Level 13.4 Unarmed Combat
 + Level 14.2 Spellcasting
 + Level 11.4 Conjurations
 + Level 12.0 Hexes
 + Level 11.4 Summonings
 + Level 11.4 Necromancy
 + Level 11.4 Translocations
 + Level 11.4 Fire Magic
 + Level 11.4 Ice Magic
 + Level 11.4 Air Magic
 + Level 11.4 Earth Magic
 + Level 11.4 Alchemy
 + Level 14.5 Invocations
 + Level 13.4 Evocations
 + Level 12.3 Shapeshifting


You had 7 spell levels left.
You knew the following spells:

 Your Spells              Type           Power      Damage    Failure   Level
a - Magic Dart            Conj           100%       1d8       1%          1
b - Slow                  Hex            100%       N/A       1%          1
c - Tukima's Dance        Hex            54%        N/A       1%          3
d - Call Imp              Summ           100%       N/A       1%          2
e - Blink                 Tloc           100%       N/A       1%          2
f - Iskenderun's Mystic   Conj/Tloc      52%        2d11      1%          4
g - Summon Ice Beast      Ice/Summ       52%        N/A       1%          3
h - Animate Dead          Necr           52%        N/A       1%          4
i - Call Canine Familiar  Summ           52%        N/A       1%          3
j - Borgnjor's Vile Clut  Necr/Erth      26%        N/A       1%          5
k - Irradiate             Conj/Alch      26%        3d20      1%          5
l - Death Channel         Necr           26%        N/A       10%         6

Your spell library contained the following spells:

 Spells                   Type           Power      Damage    Failure   Level
 Apportation              Tloc           100%       N/A       1%          1
 Freeze                   Ice            100%       1d10      1%          1
 Kiss of Death            Conj/Necr      100%       2d13      1%          1
 Necrotise                Necr           100%       1d9       1%          1
 Sting                    Conj/Alch      100%       1d9       1%          1
 Summon Small Mammal      Summ           100%       N/A       1%          1
 Cigotuvi's Dreadful Rot  Necr/Alch/Air  100%       N/A       1%          2
 Static Discharge         Conj/Air       100%       3-8/arc   1%          2
 Confusing Touch          Hex            54%        N/A       1%          3
 Frozen Ramparts          Ice            100%       1d16      1%          3
 Gell's Gravitas          Tloc           52%        N/A       1%          3
 Hailstorm                Conj/Ice       52%        3d10      1%          3
 Inner Flame              Hex/Fire       53%        N/A       1%          3
 Sigil of Binding         Hex            54%        N/A       1%          3
 Teleport Other           Tloc           52%        N/A       1%          3
 Vampiric Draining        Necr           52%        2d9       1%          3
 Airstrike                Air            26%        2d(4-20)  1%          4
 Anguish                  Hex/Necr       26%        N/A       1%          4
 Cause Fear               Hex            27%        N/A       1%          4
 Dimensional Bullseye     Hex/Tloc       26%        N/A       1%          4
 Ignite Poison            Fire/Alch      52%        N/A       1%          4
 Leda's Liquefaction      Alch/Erth      26%        N/A       1%          4
 Olgreb's Toxic Radiance  Alch           52%        N/A       1%          4
 Passage of Golubria      Tloc           52%        N/A       1%          4
 Summon Blazeheart Golem  Fire/Summ      52%        N/A       1%          4
 Summon Lightning Spire   Summ/Air       52%        N/A       1%          4
 Vhi's Electric Charge    Tloc/Air       100%       N/A       1%          4
 Arcjolt                  Conj/Air       26%        1d36      1%          5
 Curse of Agony           Necr           52%        N/A       1%          5
 Lee's Rapid Deconstruct  Erth           26%        3d14*     1%          5
 Silence                  Hex/Air        26%        N/A       1%          5
 Bombard                  Conj/Erth      26%        9d5       10%         6
 Conjure Ball Lightning   Conj/Air       26%        3x3d7     10%         6
 Dispersal                Tloc           26%        N/A       10%         6
 Eringya's Noxious Bog    Alch           26%        4d6       10%         6
 Plasma Beam              Fire/Air       26%        2x1d38    10%         6
 Sculpt Simulacrum        Ice/Alch       26%        N/A       10%         6
 Enfeeble                 Hex            27%        N/A       36%         7
 Haunt                    Necr/Summ      26%        N/A       45%         7
 Ozocubu's Refrigeration  Ice            26%        4d13      45%         7
 Discord                  Hex            27%        N/A       97%         8
 Borgnjor's Revivificati  Necr           26%        N/A       99%         8
 Disjunction              Tloc           26%        N/A       99%         8
 Ignition                 Fire           26%        3d9       99%         8
 Infestation              Necr           26%        N/A       99%         8
 Lehudib's Crystal Spear  Conj/Erth      26%        10d7      99%         8
 Chain Lightning          Conj/Air       26%        3d34      100%        9
 Death's Door             Necr           26%        N/A       100%        9
 Fire Storm               Conj/Fire      26%        8d7       100%        9
 Shatter                  Erth           26%        3d22*     100%        9


Dungeon Overview and Level Annotations

Branches:
Dungeon (15/15)            Temple (1/1) D:6            Lair (5/5) D:11
  Swamp (4/4) Lair:3       Spider (4/4) Lair:2        Slime (0/5) Lair:4
    Orc (2/2) D:11            Elf (0/3) Orc:2        Vaults (1/5) D:13
 Depths (0/4) D:15

Altars:
Ashenzari
Cheibriados
Dithmenos
Elyvilon
Fedhas
Gozag
Hepliaklqana
Kikubaaqudgha
Makhleb
Nemelex Xobeh
Okawaru
Qazlal
Ru
Sif Muna
Trog
Uskayaw
Vehumet
Wu Jian
Xom
Yredelemnul
Zin
The Shining One

Shops:
D:7 *   D:14 :[?[   Orc:2 ![??

Portals:
Trove: D:10 (show slimy rune of Zot)

Annotations:
D:10 6 transporters
D:11 1 exclusion
D:13 1 runed translucent door, Gonodgh's ghost, journeyman MiFi
D:15 Roxanne
Swamp:2 exclusions: bloated husk and 2 lightning spires
Spider:4 Mara
Orc:2 2 transporters, hito's ghost, journeyman FoCA
Vaults:1 1 transporter


Innate Abilities, Weirdness & Mutations

You are a tree.
Your roots penetrate the ground, keeping you stationary.
You cannot be teleported.
You are immune to unholy pain and torment.
Your maximum health is greatly increased.
Your equipment is partially melded.
((You have very sharp teeth.))
Your uncanny sense of smell can sniff out nearby items.
Your experience applies equally to all skills.
[You are very weak. (Str -4)]


Message History

A brown ugly thing comes into view.
The vault sentinel blows a loud note on a signal horn!
Unknown command.
Unknown command.
Unknown command.
Unknown command.
Okay, then.
Unknown command.
Unknown command.
As you read the scroll of torment, it crumbles to dust.
You feel a surge of unholy energy.
The vault sentinel convulses!
The orc warlord convulses!
The yaktaur captain convulses!
The yaktaur convulses! x2; The vault warden convulses!
The deep troll convulses!
The yaktaur convulses!
The dire elephant convulses!
The yaktaur convulses!
The dire elephant convulses!
The green ugly thing convulses!
The dire elephant convulses!
The yaktaur convulses!
The brown ugly thing convulses!
The war gargoyle hits you with a +2 morningstar of protection!!!
* * * LOW HITPOINT WARNING * * *
The yaktaur captain hits your spectral yaktaur captain!
A yaktaur comes into view.
The orc warlord blocks your spectral yaktaur captain's attack.
The yaktaur shoots a bolt.
The bolt hits your spectral yaktaur captain!
The orc warlord blocks your spectral ironbound preserver's attack.
Unknown command.
Unknown command.
Unknown command.
Unknown command.
Unknown command.
Unknown command.
Unknown command.
You feel much better.
The green ugly thing basks in the mutagenic energy from its kin and changes!
The orc warlord hits you but does no damage.
The peacekeeper bites you but does no damage.
The peacekeeper claws you but does no damage.
The war gargoyle hits you with a +2 morningstar of protection!!!
You die...
Kikubaaqudgha rasps: "You have failed me!
Welcome... death!" .# .# .. .# ### .. .# #.:##. .# #)..+# .# .[(.# .# ZpT#

################o#####
.)..........)))Z♣9...#
......)..c....)cp9...#
...#############cc...#
...# #.....# ...##.#
#..Y..# ...'.# .
#YY.u.# ...##.# c.
#cc.u.# ...# ..p..
#.c...# ...# ..c


You could see 3 dire elephants, an orc warlord (ally target), a vault warden, a
yaktaur captain, 2 ugly things, a deep troll, a war gargoyle (strong), a vault
sentinel (catching breath), a peacekeeper, 6 yaktaurs, a +4 morningstar of
distortion (distracted), a friendly spectral yaktaur captain and a friendly
spectral ironbound preserver.

Vanquished Creatures
  Jorgrun (Orc:1)
  A fenstrider witch (Swamp:4)
  An azure jelly (Swamp:4)
  2 emperor scorpions (Spider:4)
  2 ghost moths (Spider:4)
  An ironbound preserver (Vaults:1)
  2 broodmothers (Spider:4)
  3 bunyips
  4 eleionomae
  Azrael (Spider:3)
  2 spark wasps
  2 shambling mangroves
  A yaktaur captain (Vaults:1)
  A quicksilver dragon zombie (D:15)
  2 entropy weavers
  An entropy weaver (shapeshifter) (D:14)
  A great orb of eyes (Vaults:1)
  3 hydras
  A jorogumo (Spider:2)
  3 ice dragons (Swamp:4)
  2 ghost crabs
  A sphinx zombie (D:15)
  2 boulder beetles
  4 alligators
  3 radroaches
  3 ogre magi (Orc:2)
  4 centaur warriors
  2 dancing weapons (D:13)
  2 death knights
  7 two-headed ogres
  A vampire mage (D:15)
  Urug (D:13)
  4 demonic crawlers
  7 skeletal warriors
  Lodul (D:11)
  A storm dragon skeleton (D:15)
  A wretched star (Vaults:1)
  A pharaoh ant (Spider:1)
  2 skysharks
  A spriggan druid (Swamp:1)
  A spriggan rider (Swamp:1)
  2 goliath frogs (Swamp:1)
  4 deep trolls (Vaults:1)
  2 orb spiders (Spider:1)
  2 ironbound convokers (Vaults:1)
  3 swamp dragons
  An orc knight (Orc:1)
  A steelbarb worm (Spider:1)
  14 wolf spiders
  A wolf spider zombie (Spider:4)
  5 cyclopes
  5 ugly things
  An orc sorcerer (Orc:1)
  3 meliai
  2 black mambas
  2 moths of wrath
  4 torpor snails
  2 kobold blastminers
  6 elephants
  4 cane toads
  A yaktaur (Vaults:1)
  2 kobold demonologists
  4 freezing wraiths
  Psyche (D:8)
  3 rime drakes
  A guardian mummy (D:10)
  A polar bear (Lair:5)
  A tengu conjurer (D:14)
  2 trolls
  2 bloated husks
  9 tarantellas
  11 hornets
  20 blink frogs
  A dream sheep (Lair:4)
  4 tyrant leeches
  14 jumping spiders
  2 slime creatures (D:14)
  3 spriggans
  A centaur simulacrum (D:14)
  2 wraiths
  15 culicivoras
  21 yaks
  A vampire (D:11)
  4 wyverns
  2 wargs (Orc:1)
  29 redbacks
  2 steam dragons
  Menkaure (D:6)
  6 vampire mosquitoes
  9 swamp worms
  2 acid dragons
  3 hell hounds (Spider:3)
  8 hydra simulacra (Swamp:4)
  4 water moccasins
  9 orc warriors
  A sky beast (D:8)
  2 ice beasts (D:7)
  2 swamp drakes
  A laughing skull (D:14)
  12 ogres
  3 black bears
  3 wolves
  9 centaurs
  A phantom (D:5)
  4 kobold brigands
  12 bullfrogs
  3 scorpions
  6 wights
  An elephant simulacrum (Lair:3)
  5 killer bees (D:10)
  A vampire bat (D:3)
  5 howler monkeys
  An electric eel (Lair:1)
  3 jellies
  2 gnoll boudas
  5 hounds
  3 bombardier beetles
  9 orc priests
  A sleepcap (D:4)
  4 iguanas
  10 orc wizards
  6 hell rats
  2 wolf simulacra (Lair:3)
  11 gnolls
  4 river rats (D:7)
  9 adders
  A shadow imp (D:6)
  2 ufetubi (D:3)
  A dart slug (D:2)
  3 fire bats (D:3)
  4 ribbon worms
  33 orcs
  2 spectral bats (D:3)
  3 bat skeletons (D:3)
  A bat zombie (D:3)
  4 endoplasms
  3 giant cockroaches
  6 goblins
  7 hobgoblins
  12 quokkas
  5 ball pythons
  12 bats
  A bat simulacrum (D:3)
  A frilled lizard (D:2)
  23 kobolds
  A kobold zombie (D:11)
  25 rats
642 creatures vanquished.

Vanquished Creatures (collateral kills)
  A tentacled monstrosity (Swamp:4)
  Kirke (Spider:1)
  A vault warden (Vaults:1)
  3 emperor scorpions
  A frost giant (D:14)
  An ironbound thunderhulk (Vaults:1)
  A broodmother (Spider:4)
  An ironbound preserver (Vaults:1)
  An eleionoma (Swamp:4)
  2 bunyips
  2 shambling mangroves
  Josephine (Orc:2)
  Snorg (D:13)
  A great orb of eyes (Vaults:1)
  9 hydras
  A ghost crab (Swamp:4)
  3 centaur warriors
  An ogre mage (D:15)
  3 alligators (Swamp:3)
  11 two-headed ogres
  A radroach (Spider:4)
  A death yak (Lair:4)
  3 boulder beetles
  A tengu warrior (D:13)
  3 demonic crawlers (Spider:1)
  A death knight (D:15)
  A skyshark (Lair:5)
  3 pharaoh ants
  2 skeletal warriors (D:12)
  2 spriggan druids
  4 swamp dragons
  3 goliath frogs
  4 bog bodies
  3 deep trolls (Vaults:1)
  4 orb spiders (Spider:1)
  4 steelbarb worms
  A sun moth (Spider:2)
  A wolf spider zombie (Spider:4)
  8 wolf spiders
  A lindwurm (Lair:2)
  An orc sorcerer (Orc:2)
  2 orc knights (Orc:1)
  A necromancer (D:15)
  An eleionoma zombie (Swamp:1)
  3 ugly things
  A will-o-the-wisp (Swamp:2)
  3 cyclopes
  3 kobold blastminers
  A moth of wrath (Spider:1)
  9 elephants
  7 black mambas
  4 meliai (Spider:3)
  15 cane toads
  A komodo dragon (shapeshifter) (D:15)
  8 komodo dragons
  Maggie (D:7)
  3 kobold demonologists
  7 rime drakes
  4 yaktaurs (Vaults:1)
  3 freezing wraiths
  A bloated husk (Swamp:1)
  A polar bear (Lair:5)
  7 tyrant leeches
  11 tarantellas
  6 hornets
  3 trolls
  6 dream sheep (Lair:4)
  4 slime creatures (D:14)
  11 blink frogs
  14 jumping spiders
  12 spriggans
  6 culicivoras
  31 yaks
  A fire bat (shapeshifter) (D:11)
  6 wraiths
  6 wyverns
  3 hogs (Spider:1)
  3 fire elementals
  3 wargs
  38 redbacks
  2 swamp worm simulacra (Swamp:4)
  12 basilisks
  6 vampire mosquitoes
  2 acid dragons
  7 swamp worms
  8 water moccasins
  4 hydra simulacra (Swamp:4)
  A hell hound (Spider:3)
  9 orc warriors
  7 swamp drakes
  A laughing skull (D:14)
  4 wolves
  24 ogres
  9 centaurs
  A kobold brigand (D:11)
  4 bullfrogs
  A brain worm (Lair:3)
  A cane toad simulacrum (Lair:3)
  A gnoll sergeant (D:8)
  3 wights
  2 yak zombies (D:12)
  2 howler monkeys (D:8)
  2 electric eels
  An orc priest (D:11)
  Crazy Yiuf (D:7)
  3 jellies (Lair:4)
  An iguana (Orc:1)
  3 orc wizards
  5 hell rats
  A polar bear simulacrum (Lair:3)
  A wolf simulacrum (Lair:3)
  An ogre zombie (Orc:1)
  4 gnolls
  7 orc zombies (Orc:1)
  An adder (D:6)
  A shadow imp (D:6)
  A white imp (D:7)
  6 swamp drake simulacra (Swamp:4)
  A ribbon worm (D:6)
  18 orcs
  2 kobolds
  A rat (D:7)
520 creatures vanquished.

Vanquished Creatures (others)
  3 eleionomae
  A bunyip (Swamp:4)
  An azure jelly zombie (Swamp:4)
  2 emperor scorpion zombies (Spider:4)
  Nergalle (Lair:1)
  4 bunyip zombies
  A goliath frog (Swamp:3)
  An alligator zombie (Swamp:4)
  2 goliath frog zombies
  A broodmother zombie (Spider:4)
  6 wolf spider zombies
  2 eleionoma zombies (Swamp:1)
  A will-o-the-wisp (Swamp:2)
  An elephant (Lair:5)
  A dwarf zombie (Orc:1)
  A moth of wrath (Spider:4)
  A human zombie (Vaults:1)
  A cane toad (Lair:1)
  18 redback zombies
  5 swamp worm zombies
  An orb spider zombie (Spider:1)
  A steelbarb worm zombie (Spider:4)
  2 demonic crawler zombies
  A troll (D:11)
  6 bloated husks
  A sun moth zombie (Spider:2)
  4 hydra zombies
  A moth of wrath zombie (Spider:1)
  10 jumping spider zombies
  A hornet (Swamp:4)
  A meliai zombie (Spider:3)
  2 boulder beetle zombies
  11 culicivora zombies
  2 tarantella zombies (Spider:4)
  6 ugly thing zombies
  2 radroach zombies
  A spriggan (Swamp:4)
  3 black mamba zombies
  A fire elemental (Spider:3)
  A tyrant leech zombie (Swamp:3)
  A human (Spider:1)
  A skyshark zombie (Lair:5)
  35 dancing weapons
  4 deep troll zombies (Vaults:1)
  5 two-headed ogre zombies
  3 cane toad zombies
  12 blink frog zombies
  A lindwurm zombie (Lair:2)
  2 elephant zombies (Lair:5)
  6 hornet zombies
  4 dream sheep zombies (Lair:4)
  2 rime drake zombies (D:14)
  2 troll zombies (D:13)
  A komodo dragon zombie (D:15)
  3 hell hound zombies (Spider:3)
  2 cyclops zombies
  A wyvern zombie (D:14)
  A water moccasin zombie (Lair:1)
  16 yak zombies
  8 spriggan zombies
  A polar bear zombie (Lair:5)
  A tengu zombie (D:14)
  11 centaur zombies
  A bullfrog zombie (Lair:5)
  2 basilisk zombies
  A killer bee zombie (D:10)
  7 ogre zombies
  5 hell rat zombies (D:14)
  2 swamp drake zombies
  2 jelly zombies (Lair:4)
  A river rat zombie (D:7)
  3 kobolds
  10 kobold zombies
  27 orc zombies
  2 rat zombies (D:7)
  8 foxfires (Swamp:2)
306 creatures vanquished.

Grand Total: 1468 creatures vanquished

Notes
Turn   | Place    | Note
-------+----------+-------------------------------------------
     0 | D:1      | jestert79 the Gnoll Wanderer began the quest for the Orb.
     0 | D:1      | jestert79 set off with the following items: a +2 dagger, a
                  | potion of brilliance, 8 poisoned darts, a +0 dagger, a
                  | scroll of vulnerability, a +0 robe; and the following spell
                  | memorised: Slow; and the following spells available to
                  | memorise: Tukima's Dance.
     0 | D:1      | Reached XP level 1. HP: 13/13 MP: 6/6
   235 | D:1      | Reached XP level 2. HP: 11/19 MP: 7/7
  1139 | D:2      | Reached skill level 5 in Spellcasting
  1139 | D:2      | Reached XP level 3. HP: 23/25 MP: 7/9
  1240 | D:2      | Identified the +0 ring mail of the Hidden Planets {rElec
                  | Will+ Dex+2}
  1307 | D:2      | Reached skill level 1 in Invocations
  1439 | D:2      | Found a faded altar of an unknown god.
  1504 | D:2      | Learned a level 1 spell: Magic Dart
  1585 | D:2      | Reached skill level 1 in Fighting
  1585 | D:2      | Reached skill level 1 in Short Blades
  1585 | D:2      | Reached skill level 1 in Long Blades
  1585 | D:2      | Reached skill level 1 in Axes
  1585 | D:2      | Reached skill level 1 in Maces & Flails
  1585 | D:2      | Reached skill level 1 in Polearms
  1585 | D:2      | Reached skill level 1 in Staves
  1585 | D:2      | Reached skill level 1 in Ranged Weapons
  1585 | D:2      | Reached skill level 1 in Shields
  1585 | D:2      | Reached skill level 1 in Unarmed Combat
  1585 | D:2      | Reached skill level 1 in Evocations
  2250 | D:3      | Reached skill level 1 in Shapeshifting
  2250 | D:3      | Reached XP level 4. HP: 18/32 MP: 11/11
  2668 | D:3      | Reached skill level 1 in Conjurations
  2668 | D:3      | Reached skill level 1 in Summonings
  2668 | D:3      | Reached skill level 1 in Necromancy
  2668 | D:3      | Reached skill level 1 in Translocations
  2668 | D:3      | Reached skill level 1 in Fire Magic
  2668 | D:3      | Reached skill level 1 in Ice Magic
  2668 | D:3      | Reached skill level 1 in Air Magic
  2668 | D:3      | Reached skill level 1 in Earth Magic
  2668 | D:3      | Reached skill level 1 in Alchemy
  3427 | D:3      | Reached XP level 5. HP: 34/37 MP: 12/12
  4032 | D:4      | Reached XP level 6. HP: 44/44 MP: 13/13
  4099 | D:4      | Reached skill level 5 in Throwing
  4215 | D:4      | Reached XP level 7. HP: 23/51 MP: 15/15
  4964 | D:4      | Learned a level 3 spell: Tukima's Dance
  5064 | D:5      | Entered Level 5 of the Dungeon
  5289 | D:5      | HP: 2/51 [phantom (3)]
  5295 | D:5      | Reached skill level 5 in Stealth
  5702 | D:5      | Learned a level 2 spell: Call Imp
  6185 | D:5      | Reached XP level 8. HP: 58/58 MP: 13/16
  6387 | D:6      | Noticed Menkaure
  6436 | D:6      | Noticed a two-headed ogre
  6684 | D:6      | Killed a two-headed ogre
  6685 | D:6      | Reached skill level 5 in Hexes
  6685 | D:6      | Reached XP level 9. HP: 65/65 MP: 10/18
  6771 | D:6      | Killed Menkaure
  7057 | D:6      | Reached skill level 5 in Armour
  7057 | D:6      | Reached skill level 5 in Dodging
  7450 | D:6      | Learned a level 2 spell: Blink
  7930 | D:6      | Found a staircase to the Ecumenical Temple.
  8306 | D:7      | Noticed Maggie
  8330 | D:7      | Killed Maggie
  8331 | D:7      | Reached skill level 5 in Invocations
  8495 | D:7      | Noticed a hornet
  8504 | D:7      | Killed a hornet
  8609 | D:7      | Reached skill level 5 in Conjurations
  8609 | D:7      | Reached skill level 5 in Summonings
  8609 | D:7      | Reached skill level 5 in Necromancy
  8609 | D:7      | Reached skill level 5 in Translocations
  8609 | D:7      | Reached skill level 5 in Fire Magic
  8609 | D:7      | Reached skill level 5 in Ice Magic
  8609 | D:7      | Reached skill level 5 in Air Magic
  8609 | D:7      | Reached skill level 5 in Earth Magic
  8609 | D:7      | Reached skill level 5 in Alchemy
  8609 | D:7      | Reached skill level 5 in Shapeshifting
  8609 | D:7      | Reached XP level 10. HP: 76/76 MP: 19/22
  8677 | D:7      | Identified a scroll of acquirement
  8677 | D:7      | Acquired a staff of conjuration
  8685 | D:7      | Learned a level 4 spell: Iskenderun's Mystic Blast
  8839 | D:7      | Found a shimmering blue altar of Sif Muna.
  8907 | D:7      | Found a runed translucent door.
  8908 | D:7      | Noticed Crazy Yiuf
  8915 | D:7      | Killed Crazy Yiuf
  9551 | Temple   | Entered the Ecumenical Temple
  9560 | Temple   | Became a worshipper of Kikubaaqudgha
  9860 | D:7      | Found Cudeq's Gadget Gallery.
  9875 | D:7      | Bought a wand of polymorph (6) for 84 gold pieces
 10216 | D:7      | Reached XP level 11. HP: 80/82 MP: 21/23
 10382 | D:7      | Learned a level 3 spell: Summon Ice Beast
 10504 | D:7      | Reached * piety under Kikubaaqudgha
 10504 | D:7      | Received a gift from Kikubaaqudgha
 10538 | D:7      | Learned a level 4 spell: Animate Dead
 10842 | D:8      | Noticed Psyche
 10953 | D:8      | Killed Psyche
 10993 | D:8      | Identified the +2 spear of Vodka {antimagic, ^Drain rPois
                  | Will- Str+5}
 11893 | D:8      | Reached ** piety under Kikubaaqudgha
 13583 | D:9      | Reached *** piety under Kikubaaqudgha
 13583 | D:9      | Received a gift from Kikubaaqudgha
 13995 | D:10     | Entered Level 10 of the Dungeon
 13997 | D:10     | Found a transporter.
 13998 | D:10     | Found a transporter.
 14465 | D:10     | Found a portal to a secret trove of treasure.
 14713 | D:10     | Identified the +5 leather armour "Baimum" {*Corrode +Inv
                  | Dex+2}
 14764 | D:10     | Found a transporter.
 14781 | D:10     | Noticed a centaur warrior
 14809 | D:10     | Killed a centaur warrior
 15101 | D:10     | Found a transporter.
 15182 | D:10     | Found a transporter.
 15187 | D:10     | Found a transporter.
 15704 | D:11     | Noticed a cyclops
 15781 | D:11     | Noticed a cyclops
 15790 | D:11     | Reached XP level 12. HP: 63/91 MP: 17/25
 16145 | D:11     | Noticed Lodul
 16160 | D:11     | Reached **** piety under Kikubaaqudgha
 16220 | D:11     | Found a staircase to the Lair.
 16258 | D:11     | Killed Lodul
 16338 | D:11     | Found the +15 Maxwell's patent armour {-Cast -Tele rElec
                  | Will+ rCorr}
 17182 | D:11     | Found a staircase to the Orcish Mines.
 17329 | D:11     | Noticed a soul eater
 17479 | D:11     | Found a bloodstained altar of Trog.
 17609 | Lair:1   | Entered Level 1 of the Lair of Beasts
 17646 | Lair:1   | Noticed Nergalle
 17931 | Lair:1   | Killed Nergalle
 18950 | Lair:1   | Learned a level 3 spell: Call Canine Familiar
 19114 | Lair:1   | Reached XP level 13. HP: 98/98 MP: 22/26
 19455 | Lair:1   | Identified the +4 trident of Voeckoed {heavy, rElec rN+
                  | Dex-5}
 20299 | Lair:2   | Identified the +1 chain mail "Isiashoe" {MP+9 Str+3 Int+4}
 20473 | D:7      | Bought a wand of polymorph (7) for 98 gold pieces
 20473 | D:7      | Bought a phantom mirror for 400 gold pieces
 20829 | Lair:2   | Reached skill level 10 in Spellcasting
 21182 | Lair:2   | Found a hole to the Spider Nest.
 21866 | Lair:3   | Noticed Nessos
 21867 | Lair:3   | Nessos changed into Nessos the brain worm
 21867 | Lair:3   | Noticed Nessos
 21872 | Lair:3   | Killed Nessos the brain worm
 21899 | Lair:3   | Found a staircase to the Swamp.
 22038 | Lair:3   | Reached skill level 10 in Throwing
 22229 | Lair:3   | You fall into a shaft and drop 2 floors!
 22229 | Lair:5   | Entered Level 5 of the Lair of Beasts
 22263 | Lair:4   | Found a staircase to the Slime Pits.
 22816 | Lair:3   | Reached skill level 10 in Stealth
 23075 | Lair:3   | Noticed Fannar
 23085 | Lair:3   | Fannar changed into Fannar the tarantella
 23085 | Lair:3   | Noticed Fannar
 23089 | Lair:3   | Killed Fannar the tarantella
 23089 | Lair:3   | Reached ***** piety under Kikubaaqudgha
 23610 | Lair:4   | Reached skill level 10 in Invocations
 23736 | Lair:4   | Reached XP level 14. HP: 61/108 MP: 24/28
 25603 | Lair:5   | Reached skill level 10 in Armour
 25603 | Lair:5   | Reached skill level 10 in Dodging
 26680 | Lair:5   | Reached skill level 10 in Fighting
 26680 | Lair:5   | Reached skill level 10 in Short Blades
 26680 | Lair:5   | Reached skill level 10 in Long Blades
 26680 | Lair:5   | Reached skill level 10 in Axes
 26680 | Lair:5   | Reached skill level 10 in Maces & Flails
 26680 | Lair:5   | Reached skill level 10 in Polearms
 26680 | Lair:5   | Reached skill level 10 in Staves
 26680 | Lair:5   | Reached skill level 10 in Ranged Weapons
 26680 | Lair:5   | Reached skill level 10 in Shields
 26680 | Lair:5   | Reached skill level 10 in Unarmed Combat
 26680 | Lair:5   | Reached skill level 10 in Evocations
 26770 | Lair:5   | Reached ****** piety under Kikubaaqudgha
 27182 | Lair:5   | Identified the +6 plate armour "Lututs" {+Inv}
 27232 | Lair:5   | Learned a level 5 spell: Borgnjor's Vile Clutch
 27705 | D:12     | Reached XP level 15. HP: 71/115 MP: 23/30
 28378 | D:12     | Identified the +3 long sword of Action {heavy, rF+ rC++
                  | Dex+3}
 28620 | Orc:1    | Entered Level 1 of the Orcish Mines
 29226 | Orc:2    | Entered Level 2 of the Orcish Mines
 29329 | Orc:2    | Found a transporter.
 29354 | Orc:2    | Found a transporter.
 29863 | Orc:1    | Noticed Sonja
 29976 | Orc:1    | Noticed Jorgrun
 30030 | Orc:1    | Killed Jorgrun
 30121 | Orc:1    | Sonja changed into Sonja the iguana
 30121 | Orc:1    | Noticed Sonja
 30125 | Orc:1    | Killed Sonja the iguana
 30194 | Orc:1    | Your ally Jorgrun died
 30703 | Orc:2    | Found Qaebiaty's Magic Scroll Shop.
 30703 | Orc:2    | Found Owuah's Distillery.
 30704 | Orc:2    | Found Imuu's Magic Scroll Shoppe.
 30704 | Orc:2    | Found Dokuh's Antique Armour Shop.
 30923 | Orc:2    | Bought a scroll of revelation for 90 gold pieces
 30925 | Orc:2    | Bought a potion of haste for 110 gold pieces
 31063 | Orc:2    | Paralysed by an ogre mage for 3 turns
 31067 | Orc:2    | Noticed Josephine
 31083 | Orc:2    | Killed Josephine
 31171 | Orc:2    | Noticed hito's ghost (journeyman FoCA)
 31395 | Orc:2    | Found a staircase to the Elven Halls.
 31784 | D:13     | Received a gift from Kikubaaqudgha (forbidden knowledge)
 31983 | D:13     | Noticed Snorg
 32001 | D:13     | Killed Snorg
 32040 | D:13     | Found a gate to the Vaults.
 32050 | D:13     | Your ally Snorg died
 32054 | D:13     | Reached skill level 10 in Shapeshifting
 32375 | D:13     | Reached skill level 10 in Hexes
 32726 | D:13     | Found a runed translucent door.
 32728 | D:13     | Identified the +9 spear of Epupp {heavy, Int+3}
 32741 | D:13     | Noticed Urug
 32756 | D:13     | Killed Urug
 32898 | D:13     | Reached XP level 16. HP: 108/124 MP: 32/32
 33209 | D:13     | HP: 1/125 [skeletal warrior/+0 dire flail[a death knight]
                  | (9)]
 33497 | D:13     | Noticed Gonodgh's ghost (journeyman MiFi)
 33719 | D:14     | Noticed Frances
 33721 | D:14     | Frances changed into Frances the frost giant
 33721 | D:14     | Noticed Frances
 33791 | D:14     | Killed Frances the frost giant
 34626 | D:14     | Found Miwn's Armour Emporium.
 35091 | D:14     | Found Boid Detathra's Book Shoppe.
 35097 | D:14     | Bought Roelougu's Lessons on Degeneration for 828 gold
                  | pieces
 35103 | D:14     | Learned a level 5 spell: Irradiate
 35276 | D:14     | Identified the +1 scale mail of Disguise {rPois}
 35295 | D:14     | Found Naho's Antique Armour Emporium.
 35300 | D:14     | Bought a pair of faintly humming gloves for 304 gold pieces
 35300 | D:14     | Identified the +2 pair of gloves of Chimes {Rampage rN+
                  | Dex-5} (You bought it in a shop on level 14 of the Dungeon)
 35317 | D:14     | Found Itwo's Magic Scroll Boutique.
 35326 | D:14     | Bought a scroll of acquirement for 520 gold pieces
 35327 | D:14     | Acquired 833 gold pieces
 35597 | D:15     | Entered Level 15 of the Dungeon
 36464 | D:15     | Noticed Roxanne
 37120 | D:15     | Found a staircase to the Depths.
 38954 | Orc:2    | Bought a scroll of blinking for 90 gold pieces
 38955 | Orc:2    | Bought a scroll of fear for 56 gold pieces
 38955 | Orc:2    | Bought a scroll of teleportation for 42 gold pieces
 38955 | Orc:2    | Bought a scroll of enchant armour for 105 gold pieces
 38955 | Orc:2    | Bought a scroll of blinking for 105 gold pieces
 39110 | Spider:1 | Entered Level 1 of the Spider Nest
 39566 | Swamp:1  | Entered Level 1 of the Swamp
 40040 | Swamp:1  | Reached XP level 17. HP: 125/133 MP: 25/33
 40182 | Swamp:1  | Reached skill level 10 in Conjurations
 40182 | Swamp:1  | Reached skill level 10 in Summonings
 40182 | Swamp:1  | Reached skill level 10 in Necromancy
 40182 | Swamp:1  | Reached skill level 10 in Translocations
 40182 | Swamp:1  | Reached skill level 10 in Fire Magic
 40182 | Swamp:1  | Reached skill level 10 in Ice Magic
 40182 | Swamp:1  | Reached skill level 10 in Air Magic
 40182 | Swamp:1  | Reached skill level 10 in Earth Magic
 40182 | Swamp:1  | Reached skill level 10 in Alchemy
 43593 | Swamp:3  | Identified the +7 chain mail of Spring Thaw {+Blink Str+5
                  | Int+4}
 44036 | Swamp:3  | Identified the +6 dagger of Alicseri {spect, +Blink rPois
                  | Str+2 Dex+3}
 44448 | Swamp:4  | Entered Level 4 of the Swamp
 46105 | Swamp:4  | Noticed a tentacled monstrosity
 46552 | Swamp:4  | Killed a tentacled monstrosity
 46686 | Swamp:4  | Got a decaying rune of Zot
 46972 | Spider:1 | Learned a level 6 spell: Death Channel
 46986 | Spider:1 | Reached XP level 18. HP: 141/141 MP: 26/35
 47004 | Spider:1 | Noticed Kirke
 47011 | Spider:1 | Killed Kirke
 48280 | Spider:2 | Identified the +4 leather armour "Ejussept" {Rampage Str+4}
 49806 | Spider:3 | Noticed Azrael
 49828 | Spider:3 | Killed Azrael
 50521 | Spider:4 | Entered Level 4 of the Spider Nest
 51643 | Spider:4 | Reached XP level 19. HP: 123/149 MP: 31/37
 51787 | Spider:4 | Noticed Mara
 51802 | Spider:4 | Noticed jestert79's illusion
 52054 | Spider:4 | Got a gossamer rune of Zot
 52399 | Vaults:1 | Entered Level 1 of the Vaults
 52582 | Vaults:1 | Found a transporter.
 53082 | Vaults:1 | HP: 7/225 [war gargoyle/+2 morningstar of protection[a
                  | peacekeeper] (38)]
 53083 | Vaults:1 | Mangled by a war gargoyle

Illustrated notes

Levels and vault maps discovered:
D:1:      shiori_shiawase, layout_basic, minmay_box_of_dots
D:2:      layout_loops_ring, shapermc_ecumenical_altar_acropolis, minivault_24
D:3:      minmay_general_purpose_star, layout_loops_ring,
          minmay_misc_feat_ornament, goddamned_bats
D:4:      layout_gridville
D:5:      layout_basic
D:6:      layout_loops_ring, temple_statues, cheibrodos_sewer_entry_bend,
          st_stairs_12, uniq_menkaure
D:7:      lemuel_ratsnest, layout_rooms, led_sif_pool, nicolae_shop_gadgets,
          uniq_crazy_yiuf_cottage, uniq_maggie
D:8:      layout_loops_ring, kennysheep_generic_room_7, uniq_psyche
D:9:      layout_loops_cross, nrook_mini_backslash
D:10:     layout_roguey, nicolae_trove_entry_path_of_doom,
          serial_nicolae_subway, nicolae_sub_station_stone,
          nicolae_sub_station_metal, nicolae_sub_station_crystal
D:11:     kennysheep_spiral_hall, layout_basic, due_lair_maze_entry_diamond,
          gauntlet_entry_generic, kennysheep_cross_room,
          dreamdust_deal_with_the_devil, grunt_decor_fettered, tgw_trog,
          uniq_lodul
D:12:     layout_rooms
D:13:     layout_basic, erik_vaults_1, ebering_ghost_funeral_grove, uniq_snorg,
          uniq_urug
D:14:     layout_cave_pods, special_room [special_room_mythical_zoo],
          serial_shops, nicolae_book_shop_shelving,
          nicolae_shop_back_alley_shop, nicolae_shop_waterfront,
          nicolae_shop_hallway_plus, minmay_holes, uniq_frances
D:15:     gammafunk_depths_entry_grave, layout_grid_maze,
          hangedman_decor_cross_pass, uniq_roxanne
Temple:   grunt_wide_crystal_templ
Lair:1:   layout_misc_corridors, serial_bayou_shore_a,
          infiniplex_staircase_pool, lemuel_fruit_fields, uniq_nergalle
Lair:2:   layout_cave_shapes, nicolae_spider_entry_tight_spaces
Lair:3:   layout_cave_pods, swamp_mist_pool,
          portal_ice_cave_entry_ice_simulacra, serial_bayou_shore_b,
          uniq_nessos, uniq_fannar
Lair:4:   layout_cave_pods, nicolae_slime_entry_field_trip, beast_lair_carwin_9,
          lemuel_fruit_fields, grunt_megastairs_4
Lair:5:   minmay_lair_end_frog_pond, layout_gridlike
Swamp:1:  layout_basic_swamp, serial_swamp_ruin, evilmike_swamp_ruin_rubble_2,
          evilmike_swamp_ruin_rubble_1, evilmike_swamp_ruin_wall,
          nicolae_swamp_long_stream
Swamp:2:  layout_basic_swamp, evilmike_swamp_ruin_house_3, swamp_pool_5,
          hangedman_swamp_phenomena
Swamp:3:  nicolae_swamp_husk_halls, layout_basic_swamp,
          evilmike_swamp_ruin_house_1
Swamp:4:  swamp_icy, layout_basic_swamp, swamp_pool_5
Spider:1: layout_spider_delve, nicolae_spider_orb_run, uniq_kirke
Spider:2: layout_chambers, hangedman_spider_tarantella_strand
Spider:3: layout_cave_pods, uniq_azrael
Spider:4: grunt_spider_rune_parallel, nicolae_spider_circle_web, uniq_mara
Orc:1:    layout_caves, mines5_lemuel, uniq_jorgrun, uniq_sonja
Orc:2:    st_orc_ogre_mass, layout_diamond_mine,
          gammafunk_ghost_berserking_beasts, basic_altar, uniq_josephine
Vaults:1: gammafunk_ghost_abyssal_escape, v_pattern_2, st_spiral_rooms,
          serial_ice_b, v_misc_11, nicolae_vaults_ninety_degrees, v_misc_29,
          vaults_standard_mumra_enter_the_diamond, grunt_vaults_diagonal,
          layout_vaults_big_room, serial_shops, shop_fountains

Skill      XL: |  1  2  3  4  5  6  7  8  9 10 11 12 13 14 15 16 17 18 19 |
---------------+----------------------------------------------------------+-----
Spellcasting   | 5 6 8 9 10 11 12 13 14 | 14.2
Invocations    | 1 2 3 4 6 7 8 9 10 11 12 13 14 | 14.5
Fighting       | 1 2 3 4 6 7 8 9 10 11 12 13 | 13.4
Short Blades   | 1 2 3 4 6 7 8 9 10 11 12 13 | 13.4
Long Blades    | 1 2 3 4 6 7 8 9 10 11 12 13 | 13.4
Axes           | 1 2 3 4 6 7 8 9 10 11 12 13 | 13.4
Maces & Flails | 1 2 3 4 6 7 8 9 10 11 12 13 | 13.4
Polearms       | 1 2 3 4 6 7 8 9 10 11 12 13 | 13.4
Staves         | 1 2 3 4 6 7 8 9 10 11 12 13 | 13.4
Ranged Weapons | 1 2 3 4 6 7 8 9 10 11 12 13 | 13.4
Shields        | 1 2 3 4 6 7 8 9 10 11 12 13 | 13.4
Unarmed Combat | 1 2 3 4 6 7 8 9 10 11 12 13 | 13.4
Evocations     | 1 2 3 4 6 7 8 9 10 11 12 13 | 13.4
Shapeshifting  | 1 2 3 5 6 7 8 9 10 11 12 | 12.3
Conjurations   | 1 2 3 5 6 7 8 9 10 11 | 11.4
Summonings     | 1 2 3 5 6 7 8 9 10 11 | 11.4
Necromancy     | 1 2 3 5 6 7 8 9 10 11 | 11.4
Translocations | 1 2 3 5 6 7 8 9 10 11 | 11.4
Fire Magic     | 1 2 3 5 6 7 8 9 10 11 | 11.4
Ice Magic      | 1 2 3 5 6 7 8 9 10 11 | 11.4
Air Magic      | 1 2 3 5 6 7 8 9 10 11 | 11.4
Earth Magic    | 1 2 3 5 6 7 8 9 10 11 | 11.4
Alchemy        | 1 2 3 5 6 7 8 9 10 11 | 11.4
Armour         | 3 4 6 7 8 9 10 11 12 13 | 13.6
Dodging        | 3 4 6 7 8 9 10 11 12 13 | 13.6
Hexes          | 4 5 6 7 8 9 10 11 12 | 12.0
Throwing       | 5 6 7 8 9 10 11 12 13 14 | 14.1
Stealth        | 5 7 8 9 10 11 12 13 14 | 14.0

Action                     |  1- 3 |  4- 6 |  7- 9 | 10-12 | 13-15 | 16-18 | 19-21 || total
---------------------------+-------+-------+-------+-------+-------+-------+-------++-------
  Melee: Whip              |    98 |    56 |       |       |       |       |       ||   154
         Dagger            |     4 |       |       |       |       |       |       ||     4
         Bite              |     8 |     6 |    28 |    97 |   131 |   119 |    17 ||   406
         Punch             |       |     3 |     8 |    22 |       |       |       ||    33
         Spear             |       |    43 |   255 |   817 |   963 |    50 |       ||  2128
         Staff             |       |       |       |    61 |    34 |   432 |    26 ||   553
         Broad axe         |       |       |       |       |       |   122 |    36 ||   158
         Morningstar       |       |       |       |       |       |    73 |       ||    73
   Fire: Sling             |       |       |       |     1 |       |       |       ||     1
  Throw: Dart              |    10 |    20 |     9 |    16 |    26 |    29 |     1 ||   111
         Javelin           |       |     3 |     6 |       |       |     5 |       ||    14
         Stone             |       |     1 |       |       |       |       |       ||     1
   Cast: Slow              |    17 |    17 |    30 |     9 |     3 |       |       ||    76
         Magic Dart        |     6 |       |     9 |     4 |       |       |       ||    19
         Tukima's Dance    |       |       |    18 |    34 |    51 |    36 |     3 ||   142
         Call Imp          |       |       |    11 |    46 |    78 |    78 |     1 ||   214
         Blink             |       |       |     1 |       |       |       |       ||     1
         Iskenderun's Myst |       |       |       |    21 |    29 |     6 |     2 ||    58
         Summon Ice Beast  |       |       |       |    51 |   110 |   126 |     3 ||   290
         Animate Dead      |       |       |       |    14 |    36 |    46 |     3 ||    99
         Call Canine Famil |       |       |       |     1 |    71 |    53 |     1 ||   126
         Borgnjor's Vile C |       |       |       |       |    10 |    95 |     8 ||   113
         Irradiate         |       |       |       |       |       |    55 |     6 ||    61
         Death Channel     |       |       |       |       |       |    10 |     2 ||    12
 Invoke: Unearth Wretches  |       |       |       |     1 |       |     3 |       ||     4
         Receive Forbidden |       |       |       |       |     1 |       |       ||     1
  Evoke: Wand              |       |       |       |     6 |    23 |    32 |     3 ||    64
         Sack of spiders   |       |       |       |       |     2 |     1 |     1 ||     4
         Phantom mirror    |       |       |       |       |     1 |     1 |       ||     2
         Lightning rod     |       |       |       |       |       |     6 |       ||     6
    Use: Potion            |     2 |     3 |     3 |     4 |     2 |     4 |     3 ||    21
         Scroll            |       |     1 |     1 |    12 |    12 |     9 |     3 ||    38
   Stab: Sleeping          |     5 |     5 |     5 |     4 |     1 |     3 |     1 ||    24
         Distracted        |       |       |       |    10 |    33 |    30 |       ||    73
         Paralysed         |       |       |       |     9 |     2 |    18 |       ||    29
         Held in net/web   |       |       |       |       |     1 |       |       ||     1
 Armour: Robe              |    52 |    60 |   104 |   418 |   341 |   466 |    43 ||  1484
         Skin              |       |       |       |       |       |       |    26 ||    26
  Dodge: Dodged            |    59 |    97 |    88 |   525 |   614 |   700 |    62 ||  2145
  Block: Buckler           |       |       |       |   114 |   232 |   264 |    40 ||   650
